 Dungeon Crawl Stone Soup version 0.24-a0-736-g4e6fe308c7 (webtiles) character file.

Game seed: 8787701234302635785, levelgen mode: deterministic

480 Kiporshnikov the Skirmisher (level 7, -17/55 HPs)
             Began as a Human Berserker on Oct 2, 2019.
             Was an Elder of Trog.
             Demolished by an ogre
             ... wielding a +0 giant club
              (23 damage)
             ... on level 4 of the Dungeon.
             The game lasted 00:16:47 (2344 turns).

Kiporshnikov the Skirmisher (Human Berserker)       Turns: 2344, Time: 00:16:47

Health: -17/55     AC: 12    Str: 20    XL:     7   Next: 34%
Magic:  7/7        EV:  7    Int:  7    God:    Trog [****..]
Gold:   97         SH:  0    Dex: 12    Spells: 6/6 levels left

rFire    . . .     SeeInvis .   r - +3 long sword (holy)
rCold    . . .     Gourm    .   (no shield)
rNeg     . . .     Faith    .   g - +0 plate armour
rPois    .         Spirit   .   m - +0 helmet
rElec    .         Reflect  .   (no cloak)
rCorr    .         Harm     .   (no gloves)
MR       .....                  (no boots)
Stlth    ..........             (no amulet)
HPRegen  0.18/turn              (no ring)
MPRegen  0.10/turn              (no ring)

@: about to teleport
A: evolution 1
a: Berserk, Trog's Hand, Brothers in Arms, Renounce Religion


You were on level 4 of the Dungeon.
You worshipped Trog.
Trog was greatly pleased with you.
You were not hungry.

You visited 1 branch of the dungeon, and saw 5 of its levels.
You also visited: Ossuary.

You collected 97 gold pieces.

Inventory:

Hand Weapons
 a - a +0 short sword
 h - a +3 whip
 r - a +3 long sword of holy wrath (weapon)
Missiles
 e - 8 boomerangs (quivered)
 i - 19 poisoned darts
Armour
 b - a +0 animal skin
 g - a +0 plate armour (worn)
 j - a +0 large shield
 m - a +0 helmet (worn)
 p - a +0 ring mail
 s - a cursed +0 buckler
Scrolls
 k - 2 scrolls of remove curse {unknown}
 n - 2 scrolls of identify
 o - a scroll of immolation {unknown}
 q - a scroll of random uselessness {unknown}
Potions
 f - a potion of flight
 l - 2 potions of curing
 t - a potion of ambrosia {unknown}
 u - a potion of cancellation {unknown}
Comestibles
 c - 2 rations


   Skills:
 + Level 4.6 Fighting
 - Level 3.8(4.7) Short Blades
 * Level 4.1(4.8) Long Blades
 + Level 3.9 Armour
 - Level 2.3 Dodging


You had 6 spell levels left.
You didn't know any spells.
Your spell library was empty.

Dungeon Overview and Level Annotations

Branches:
Dungeon (5/15)             Temple (0/1) D:5         Ossuary (visited)

Altars:


Innate Abilities, Weirdness & Mutations

You evolve.


Message History

You see here an arrow.
You barely miss the ogre. The ogre barely misses you.
You hit the ogre.
The ogre is lightly wounded.
The ogre hits you with a +0 giant club.
You barely miss the ogre.
The ogre is lightly wounded.
The ogre hits you with a +0 giant club!
You barely miss the ogre.
The ogre is lightly wounded.
The ogre hits you with a +0 giant club!
You barely miss the ogre.
The ogre is lightly wounded.
The ogre hits you with a +0 giant club!
* * * LOW HITPOINT WARNING * * *
You see here an arrow.
As you read the scroll of teleportation, it crumbles to dust.
You feel strangely unstable.
The ogre hits you with a +0 giant club!!
You die...

#......# #.#
#......## #.#
#........ #.#
#......# #..
#......# ### #(# #
#c# .## ##O# ## #.#
#.@# #.. ..# #.###
#.# #.# #.# #.#.###
#.# #.# #.#.#.# #.#
#.##.#..>#.######.#
#...###.###.......#
####)#...#.........
##.#.#.########.
###...# #.


You could see an ogre and a centaur.

Vanquished Creatures
  Menkaure (Ossuary)
  An ogre (D:4)
  A scorpion (D:4)
  A hound (D:4)
  2 worker ants (D:4)
  A hound skeleton (D:4)
  3 mummies (Ossuary)
  An adder skeleton (D:4)
  A dart slug (D:1)
  A leopard gecko (D:3)
  3 orcs
  3 giant cockroaches
  2 gnoll zombies (Ossuary)
  6 goblins
  7 hobgoblins
  9 jackals
  4 kobolds
  2 quokkas (D:4)
  A bat (D:1)
  8 frilled lizards (D:1)
  2 gnoll skeletons (Ossuary)
  7 goblin skeletons (Ossuary)
  2 goblin zombies (Ossuary)
  3 hobgoblin skeletons (Ossuary)
  2 hobgoblin zombies (Ossuary)
  5 kobold skeletons (Ossuary)
  9 kobold zombies (Ossuary)
  5 orc skeletons (Ossuary)
  7 orc zombies (Ossuary)
  5 rats
  3 rat skeletons (Ossuary)
  3 rat zombies (Ossuary)
111 creatures vanquished.

Notes
Turn   | Place    | Note
-------+----------+-------------------------------------------
     0 | D:1      | Kiporshnikov the Human Berserker began the quest for the
                  | Orb.
     0 | D:1      | Reached XP level 1. HP: 18/18 MP: 1/1
   243 | D:1      | Reached XP level 2. HP: 14/24 MP: 2/2
   498 | D:1      | Reached XP level 3. HP: 29/29 MP: 3/3
   945 | D:2      | Reached ** piety under Trog
  1234 | D:4      | Reached XP level 4. HP: 35/35 MP: 4/4
  1404 | D:4      | Reached skill level 1 in Long Blades
  1404 | D:4      | Reached XP level 5. HP: 34/42 MP: 5/5
  1520 | D:4      | Noticed an ogre
  1527 | D:4      | Killed an ogre
  1527 | D:4      | Reached XP level 6. HP: 14/48 MP: 6/6
  1642 | D:5      | Entered Level 5 of the Dungeon
  1642 | D:5      | Found a staircase to the Ecumenical Temple.
  1673 | D:4      | Gained mutation: You are weak. (Str -2) [potion of
                  | mutation]
  1673 | D:4      | Lost mutation: You are weak. (Str -2) [potion of mutation]
  1673 | D:4      | Gained mutation: You evolve. [potion of mutation]
  1903 | D:4      | Found a sand-covered staircase.
  1929 | Ossuary  | Entered an ossuary
  1996 | Ossuary  | Reached *** piety under Trog
  2188 | Ossuary  | Noticed Menkaure
  2197 | Ossuary  | Killed Menkaure
  2197 | Ossuary  | Reached XP level 7. HP: 46/55 MP: 7/7
  2213 | Ossuary  | Reached **** piety under Trog
  2344 | D:4      | Demolished by an ogre

Levels and vault maps discovered:
D:1:      shiori_arrival_oz, layout_rooms, chequers_big_river,
          minmay_lizard_pond
D:2:      layout_basic, first_ration, nicolae_gozag_zags_fifth_avenue
D:3:      layout_basic
D:4:      layout_loops_ring, enter_ossuary_5
D:5:      layout_gridville, minmay_temple_entry_statues

Skill      XL: |  1  2  3  4  5  6 |
---------------+-------------------+-----
Long Blades    | 1 2 4 |  4.1
Fighting       | 4 |  4.6
Armour         | 3 |  3.9
Short Blades   | |  3.8
Dodging        | |  2.3

Action                   |  1- 3 |  4- 6 |  7- 9 || total
-------------------------+-------+-------+-------++-------
Melee: Short sword       |   177 |    21 |       ||   198
       Long sword        |       |   113 |    20 ||   133
  Use: Scroll            |     1 |     4 |     1 ||     6
       Potion            |       |     2 |       ||     2
  Eat: Chunk             |     1 |     1 |       ||     2
       Ration            |       |     1 |       ||     1
Armor: Plate armour      |   133 |    85 |     7 ||   225
       Animal skin       |     1 |       |       ||     1
Dodge: Dodged            |    61 |    37 |     7 ||   105
       Rpst.: Long sword |       |     6 |     2 ||     8

Table legend:
 A = Non-vault XP
 B = Vault XP
 C = Vault XP percentage of total XP
 D = Non-vault monster count
 E = Vault monster count
 F = Vault count percentage of total count
                 A         B        C        D         E       F
            +---------+---------+-------+---------+---------+-------
      Total |     398 |     288 |  42.0 |      48 |      59 |  55.1
            +---------+---------+-------+---------+---------+-------
        D:1 |      38 |      10 |  20.8 |      21 |       9 |  30.0
        D:2 |       7 |       0 |   0.0 |       4 |       0 |   0.0
        D:3 |      13 |       0 |   0.0 |       6 |       0 |   0.0
        D:4 |     340 |       0 |   0.0 |      17 |       0 |   0.0
    Ossuary |       0 |     278 | 100.0 |       0 |      50 | 100.0
            +---------+---------+-------+---------+---------+-------
